 Dungeon Crawl Stone Soup version 0.20.1-1-g8b1a95d (webtiles) character file.

34547 MOTKU the Nimble (level 13, -9/92 HPs)
             Began as a Deep Elf Conjurer on July 29, 2017.
             Was the Champion of Okawaru.
             Mangled by a red ugly thing (23 damage)
             ... on level 10 of the Dungeon.
             The game lasted 01:11:12 (19845 turns).

MOTKU the Nimble (Deep Elf Conjurer)               Turns: 19845, Time: 01:11:13

Health: -9/92      AC: 27    Str:  9    XL:     13   Next: 42%
Magic:  7/30       EV: 25    Int: 22    God:    Okawaru [******]
Gold:   521        SH:  0    Dex: 19    Spells: 1/34 levels left

rFire    . . .     SeeInvis .   X - +0 lajatang
rCold    . . .     Gourm    .   (shield currently unavailable)
rNeg     + . .     Faith    +   (armour currently unavailable)
rPois    ∞         Spirit   .   J - +0 helmet
rElec    +         Reflect  .   (no cloak)
rCorr    .         Harm     .   (gloves currently unavailable)
MR       ++...                  (boots currently unavailable)
Stlth    ++++......             K - amulet of faith
Regen    0.3/turn               A - ring "Faothirou" {rElec MR+ Dex+4}
MPRegen  0.3/turn               n - +4 ring of evasion

@: about to teleport, statue-form, very slow
A: no striking features
a: End Transformation, Heroism, Finesse, Renounce Religion


You were on level 10 of the Dungeon.
You worshipped Okawaru.
Okawaru was exalted by your worship.
You were not hungry.
You were a stone statue.
You visited 3 branches of the dungeon, and saw 19 of its levels.
You also visited: Ossuary.

You collected 1126 gold pieces.
You spent 605 gold pieces at shops.

Inventory:

Hand Weapons
 E - a +5 rapier
 R - a +2 short sword of venom
 X - a +0 lajatang (weapon)
Missiles
 a - 349 arrows
Armour
 d - a +1 robe (melded)
 s - a +0 pair of boots (melded)
 J - a +0 helmet (worn)
 Q - a +0 pair of gloves (melded)
 W - a +2 cloak of poison resistance
Jewellery
 l - a +3 ring of evasion
 n - a +4 ring of evasion (right hand)
 v - an uncursed ring of resist corrosion
 w - an uncursed ring of protection from fire
 y - a +2 amulet of reflection {unknown}
 A - the ring "Faothirou" (left hand) {rElec MR+ Dex+4}
   (You found it on level 4 of the Dungeon)

   [ring of protection from magic]

   It affects your dexterity (+4).
   It insulates you from electricity.
   It affects your resistance to hostile enchantments.
 K - an amulet of faith (around neck)
 P - an uncursed amulet of regeneration
Wands
 S - a wand of acid (3/15)
 Y - a wand of confusion (33/48)
Scrolls
 b - 2 scrolls of remove curse
 e - 4 scrolls of blinking
 g - 4 scrolls of recharging
 h - 3 scrolls of enchant armour
 i - 9 scrolls of teleportation
 m - 4 scrolls of magic mapping
 o - 3 scrolls of fog
 q - 3 scrolls of immolation
 r - 9 scrolls of amnesia
 D - 2 scrolls of identify
 M - 3 scrolls of fear
 O - 4 scrolls of enchant weapon
 U - 2 scrolls of silence
Potions
 j - 2 potions of ambrosia
 k - 4 potions of brilliance
 p - 7 potions of might
 t - 2 potions of haste
 u - 2 potions of mutation
 x - 6 potions of heal wounds
 z - 3 potions of cancellation
 B - a potion of berserk rage
 C - 10 potions of curing
 F - 3 potions of magic
 G - a potion of agility {unknown}
 N - 2 potions of flight {unknown}
Books
 H - a book of Cantrips

   Spells                             Type                      Level
   a - Confusing Touch                Hexes                        1
   b - Animate Skeleton               Necromancy                   1
   c - Summon Small Mammal            Summoning                    1
   d - Apportation                    Translocation                1
 L - a book of Power

   Spells                             Type                      Level
   a - Iskenderun's Battlesphere      Conjuration/Charms           5
   b - Venom Bolt                     Conjuration/Poison           5
   c - Bolt of Magma                  Conjuration/Fire/Earth       5
   d - Iron Shot                      Conjuration/Earth            6
   e - Orb of Destruction             Conjuration                  7
   f - Spellforged Servitor           Conjuration/Summoning        7
Comestibles
 c - 4 bread rations
 f - 8 meat rations
 I - 10 royal jellies
 T - 17 fruits
 V - 3 chunks of flesh


   Skills:
 + Level 4.3 Fighting
 + Level 5.7 Staves
 - Level 11.1 Dodging
 - Level 7.0 Stealth
 - Level 11.0 Spellcasting
 - Level 11.0 Conjurations
 - Level 8.0 Hexes
 - Level 6.3 Charms
 - Level 9.1 Transmutations
 + Level 10.8 Earth Magic


You had one spell level left.
You knew the following spells:

 Your Spells              Type           Power        Failure   Level  Hunger
a - Fulminant Prism       Conj/Hex       ######....   1%          4    #......
b - Statue Form           Tmut/Erth      ######...    14%         6    ######.
c - Dazzling Spray        Conj/Hex       ######       1%          3    None
d - Iskenderun's Battles  Conj/Chrm      ######..     4%          5    ####...
e - Iskenderun's Mystic   Conj           ######..     1%          4    #......
f - Magic Dart            Conj           ####         1%          1    None
g - Force Lance           Conj/Tloc      #####...     5%          4    #......
h - Iron Shot             Conj/Erth      ######....   10%         6    ######.


Dungeon Overview and Level Annotations

Branches:
Dungeon (12/15)            Temple (1/1) D:6            Lair (6/6) D:9
 Shoals (0/4) Lair:4       Spider (0/4) Lair:2        Slime (0/5) Lair:5
    Orc (0/2) D:10

Altars:
Ashenzari
Cheibriados
Dithmenos
Elyvilon
Fedhas
Gozag
Hepliaklqana
Kikubaaqudgha
Makhleb
Nemelex Xobeh
Okawaru
Qazlal
Ru
Sif Muna
Trog
Uskayaw
Vehumet
Xom
Yredelemnul
Zin
The Shining One
Jiyva
Lugonu

Shops:
D:7 :   D:10 *(*(   D:11 *

Annotations:
D:5 exclusion: downstairs
Lair:2 exclusion: downstairs


Innate Abilities, Weirdness & Mutations

((You are partially covered in slimy green scales. (AC +2)))


Message History

Press: ? - help, Shift-Dir - straight line, f - white ugly thing, p - red ugly thing
Aim: a white ugly thing The spray of energy hits the white ugly thing.
The white ugly thing is lightly wounded.
The white ugly thing is dazzled.
The spray of energy hits the red ugly thing.
The red ugly thing is lightly wounded.
The spray of energy hits the red ugly thing.
The red ugly thing is lightly wounded.
The white ugly thing gurgles horribly!
Your battlesphere fires!
The barrage of energy hits the red ugly thing.
The red ugly thing is moderately wounded.
Something hits you but does no damage. The white ugly thing gores you.
The white ugly thing freezes you!!
* * * LOW HITPOINT WARNING * * *
Something hits you but does no damage. The red ugly thing claws you.
* * * LOW HITPOINT WARNING * * *
You are engulfed in flames!!
You die...

....'...#.......# #.....#....
....#####.......# #.....#....
.........)......#######.....#....
............................#....
......######...######.......#....
.....## ##©########......#....
..?..# #.###.*###......#....
.....# ####....##......#....
.....# # ####8u..##......#....
.....# #...###uuu.###......#....
..>..## #....uXu#####......#....
......#####.$$$.#####.......#....
........# #.(_).# #.........#(...
......### #.[)[.# ###.......#....
.....## #....... ##......#....
##...# #...###.. #......####.
.#...# #..#####. #.........#.


You could see 6 ugly things, a large abomination and a friendly battlesphere.

Vanquished Creatures
  4 hydras
  4 two-headed ogres
  4 skeletal warriors (D:12)
  A manticore (D:12)
  A cyclops (D:11)
  A wolf spider (Lair:2)
  4 elephants (Lair:5)
  5 black mambas
  A gargoyle (D:10)
  8 spiny frogs
  3 komodo dragons
  A rime drake (Lair:3)
  A queen bee (D:10)
  A jumping spider (Lair:2)
  4 trolls
  7 blink frogs
  6 hippogriffs
  3 redbacks (Lair:2)
  3 wyverns
  2 wraiths (D:10)
  A vampire (D:11)
  27 yaks
  2 hungry ghosts
  A steam dragon (D:9)
  A basilisk (Lair:4)
  2 porcupines
  5 orc warriors
  7 water moccasins
  7 black bears
  6 sky beasts
  5 ice beasts
  2 necrophages (D:10)
  5 ogres
  A phantom (D:10)
  8 centaurs
  An eye of draining (D:12)
  8 crocodiles
  A big kobold (D:12)
  11 bullfrogs
  A wyvern zombie (D:11)
  15 scorpions
  21 killer bees
  5 wights (D:6)
  2 howler monkeys
  5 electric eels
  A bullfrog zombie (D:7)
  4 crimson imps
  8 hounds
  4 human zombies (Ossuary)
  8 jellies
  A centaur zombie (Ossuary)
  A bullfrog skeleton (D:11)
  6 orc priests
  9 orc wizards
  3 iguanas
  A centaur skeleton (D:7)
  9 worker ants
  A big kobold zombie (Ossuary)
  2 hound zombies
  3 hound skeletons
  4 mummies
  A howler monkey zombie (D:5)
  3 worker ant zombies
  18 adders
  3 scorpion zombies (Ossuary)
  2 shadow imps (D:8)
  2 adder skeletons
  2 worms
  4 leopard geckos
  26 orcs
  A ball python (D:3)
  10 giant cockroaches
  8 goblins
  4 hobgoblins
  19 jackals
  3 quokkas
  8 bats
  5 frilled lizards
  2 gnoll zombies (Ossuary)
  A goblin zombie (Ossuary)
  2 hobgoblin zombies (Ossuary)
  14 kobolds
  3 kobold zombies
  A leopard gecko skeleton (D:8)
  2 orc zombies (Ossuary)
  A quokka zombie (D:5)
  8 rats
  2 fungi (D:9)
434 creatures vanquished.

Vanquished Creatures (others)
  An orc warrior (D:11)
  A centaur (D:11)
  A hound (D:11)
  2 kobold zombies (Ossuary)
  93 fulminant prisms
  4 fungi
  A plant (Lair:5)
103 creatures vanquished.

Grand Total: 537 creatures vanquished

Notes
Turn   | Place    | Note
-------+----------+-------------------------------------------
     0 | D:1      | MOTKU the Deep Elf Conjurer began the quest for the Orb.
     0 | D:1      | Reached XP level 1. HP: 10/10 MP: 6/6
   353 | D:1      | Reached XP level 2. HP: 15/15 MP: 5/8
   357 | D:1      | Learned a level 2 spell: Searing Ray
   911 | D:2      | Reached XP level 3. HP: 19/19 MP: 3/10
  1188 | D:2      | Learned a level 3 spell: Dazzling Spray
  1518 | D:2      | Reached skill level 1 in Hexes
  1999 | D:3      | Reached XP level 4. HP: 24/24 MP: 10/12
  2005 | D:3      | Learned a level 4 spell: Fulminant Prism
  2307 | D:3      | Found an opulent altar of Gozag.
  2309 | D:3      | Found a sparkling altar of Nemelex Xobeh.
  2918 | D:4      | Reached skill level 5 in Conjurations
  2918 | D:4      | Reached XP level 5. HP: 25/28 MP: 5/14
  2939 | D:4      | Got a brightly glowing bone ring
  2941 | D:4      | Identified the ring "Faothirou" {rElec MR+ Dex+4} (You found it on level 4 of the Dungeon)
  2944 | D:4      | Noticed an ogre
  2953 | D:4      | Killed an ogre
  2953 | D:4      | Reached skill level 5 in Spellcasting
  3224 | D:4      | Noticed an ogre
  3229 | D:4      | Killed an ogre
  3229 | D:4      | Reached XP level 6. HP: 32/32 MP: 8/16
  3579 | D:5      | Entered Level 5 of the Dungeon
  4004 | D:5      | Noticed a two-headed ogre
  4006 | D:5      | Reached XP level 7. HP: 36/36 MP: 9/18
  4205 | D:4      | Found an opulent altar of Gozag.
  4758 | D:5      | Reached skill level 5 in Hexes
  4928 | D:5      | Killed a two-headed ogre
  4928 | D:5      | Reached skill level 5 in Dodging
  4928 | D:5      | Reached skill level 5 in Stealth
  4928 | D:5      | Reached XP level 8. HP: 41/41 MP: 1/21
  5253 | D:6      | Learned a level 5 spell: Iskenderun's Battlesphere
  5310 | D:6      | Reached skill level 1 in Charms
  5469 | D:6      | Found a staircase to the Ecumenical Temple.
  5472 | D:6      | Reached skill level 1 in Fighting
  5472 | D:6      | Reached XP level 9. HP: 47/47 MP: 15/23
  5518 | Temple   | Entered the Ecumenical Temple
  5656 | Temple   | Became a worshipper of Warmaster Okawaru
  5757 | D:6      | Noticed a troll
  5910 | D:6      | Killed a troll
  6047 | D:6      | Found a hazy altar of Hepliaklqana.
  6127 | D:6      | Learned a level 4 spell: Iskenderun's Mystic Blast
  6132 | D:6      | Learned a level 4 spell: Force Lance
  6396 | D:6      | Found an iron altar of Okawaru.
  6537 | D:7      | Reached * piety under Okawaru
  6545 | D:7      | Found Qubbuiw's Book Emporium.
  6642 | D:7      | Found a shadowy altar of Dithmenos.
  6802 | D:7      | Found a sand-covered staircase.
  6806 | Ossuary  | Entered an ossuary
  6983 | Ossuary  | Reached skill level 5 in Charms
  7302 | Ossuary  | Reached ** piety under Okawaru
  8000 | D:7      | Gained mutation: You are partially covered in slimy green scales. (AC +2) [mutagenic meat]
  8180 | D:7      | Reached XP level 10. HP: 54/54 MP: 19/25
  8619 | D:8      | Reached skill level 10 in Spellcasting
  8633 | D:8      | Noticed a two-headed ogre
  8646 | D:8      | Killed a two-headed ogre
  8646 | D:8      | Reached *** piety under Okawaru
  8906 | D:8      | Found a stormy altar of Qazlal.
  9107 | D:8      | Found a shattered altar of Ashenzari.
  9108 | D:8      | Noticed a two-headed ogre
  9126 | D:8      | Killed a two-headed ogre
  9728 | D:9      | Learned a level 6 spell: Iron Shot
  9845 | D:9      | Reached **** piety under Okawaru
  9845 | D:9      | Reached skill level 1 in Earth Magic
  9983 | D:9      | Found a staircase to the Lair.
 10200 | D:9      | Found a hide-covered altar of Uskayaw.
 10296 | D:9      | Found a blossoming altar of Fedhas.
 10539 | Lair:1   | Entered Level 1 of the Lair of Beasts
 10569 | Lair:1   | Noticed a spiny frog
 10576 | Lair:1   | Killed a spiny frog
 10693 | Lair:1   | Got a polished scimitar
 10699 | Lair:1   | Identified the +7 scimitar "Neyngek" {protect, rElec MP-9 Str+3} (You found it on level 1 of the Lair of Beasts)
 10870 | Lair:1   | Reached XP level 11. HP: 62/62 MP: 11/28
 10896 | Lair:1   | Noticed an eight-headed hydra
 10998 | Lair:1   | Killed an eight-headed hydra
 10998 | Lair:1   | Reached ***** piety under Okawaru
 11100 | Lair:1   | Reached skill level 5 in Earth Magic
 11265 | Lair:1   | Noticed a five-headed hydra
 11275 | Lair:1   | Killed a five-headed hydra
 11686 | Lair:1   | Reached skill level 10 in Dodging
 11921 | Lair:2   | Found a hole to the Spider Nest.
 11921 | Lair:2   | Noticed a wolf spider
 11932 | Lair:2   | Killed a wolf spider
 12125 | Lair:2   | Reached skill level 10 in Conjurations
 12188 | Lair:2   | Received a gift from Okawaru
 12801 | Lair:2   | Reached XP level 12. HP: 67/67 MP: 18/29
 13262 | D:7      | Bought a book of Transfigurations for 605 gold pieces
 13270 | D:7      | Learned a level 6 spell: Statue Form
 13398 | Lair:3   | Reached skill level 1 in Transmutations
 13965 | Lair:3   | Noticed a seven-headed hydra
 13971 | Lair:3   | Killed a seven-headed hydra
 14343 | Lair:4   | You fall through a shaft for 2 floors!
 14343 | Lair:6   | Entered Level 6 of the Lair of Beasts
 14403 | Lair:5   | Found a viscous altar of Jiyva.
 14404 | Lair:5   | Found a staircase to the Slime Pits.
 14572 | Lair:5   | Reached skill level 1 in Staves
 14941 | Lair:5   | Reached skill level 5 in Transmutations
 15674 | Lair:4   | Found a staircase to the Shoals.
 16080 | D:10     | Entered Level 10 of the Dungeon
 16130 | D:10     | Found Byugesk's Antique Weapon Shop.
 16213 | D:10     | Noticed a two-headed ogre
 16223 | D:10     | Killed a two-headed ogre
 16223 | D:10     | Received a gift from Okawaru
 16356 | D:10     | Found Roin Oqoim's General Store.
 16448 | D:10     | Found Cahothau's Weapon Shoppe.
 16664 | D:11     | Found Matoosch's Merry Market.
 17283 | D:11     | Found a shimmering altar of Xom.
 17527 | D:11     | Reached XP level 13. HP: 70/71 MP: 25/30
 17612 | D:11     | Found a glowing silver altar of Zin.
 17688 | D:11     | Received a gift from Okawaru
 17699 | D:11     | Got a faintly humming scale mail {god gift}
 17710 | D:11     | Identified the +1 scale mail of Cowardice {rElec rC- rN+++ SInv} (Okawaru gifted it to you on level 11 of the Dungeon)
 17805 | D:11     | Reached skill level 10 in Earth Magic
 18187 | D:12     | Found a shattered altar of Ashenzari.
 18393 | D:12     | Reached ****** piety under Okawaru
 18393 | D:12     | Reached skill level 5 in Staves
 18979 | D:10     | Found a transporter.
 19046 | D:10     | Found a staircase to the Orcish Mines.
 19064 | D:10     | Found Jufen's General Store.
 19711 | D:10     | Found a corrupted altar of Lugonu.
 19845 | D:10     | Mangled by a red ugly thing

Skill      XL: |  1  2  3  4  5  6  7  8  9 10 11 12 13 |
---------------+----------------------------------------+-----
Stealth        | 3 4 5 7 |  7.0
Dodging        | 3 5 6 8 10 11 | 11.1
Spellcasting   | 4 5 6 7 8 9 11 | 11.0
Hexes          | 1 2 3 4 6 7 8 |  8.0
Conjurations   | 5 7 8 10 11 | 11.0
Charms         | 2 6 |  6.3
Fighting       | 1 2 4 |  4.3
Earth Magic    | 4 7 9 10 | 10.8
Transmutations | 7 9 |  9.1
Staves         | 3 5 |  5.7

Action                   |  1- 3 |  4- 6 |  7- 9 | 10-12 | 13-15 || total
-------------------------+-------+-------+-------+-------+-------++-------
Melee: Dagger            |       |     7 |       |       |       ||     7
       Rapier            |       |     5 |    29 |    14 |       ||    48
       Whip              |       |       |    30 |       |       ||    30
       Short sword       |       |       |       |    12 |       ||    12
       Lajatang          |       |       |       |   128 |    65 ||   193
 Cast: Magic Dart        |    85 |   101 |   124 |   292 |   112 ||   714
       Dazzling Spray    |     1 |     8 |    26 |    40 |     6 ||    81
       Searing Ray       |     1 |     3 |    31 |    11 |       ||    46
       Fulminant Prism   |       |     3 |    28 |    52 |    10 ||    93
       Iskenderun's Batt |       |       |       |    59 |    21 ||    80
       Iskenderun's Myst |       |       |       |    23 |     8 ||    31
       Iron Shot         |       |       |       |     5 |     3 ||     8
       Statue Form       |       |       |       |     2 |     2 ||     4
       Force Lance       |       |       |       |     1 |       ||     1
Evoke: Wand              |       |       |       |     2 |       ||     2
  Use: Scroll            |       |       |    18 |    13 |     2 ||    33
 Stab: Invisible         |       |     1 |     3 |     3 |       ||     7
       Distracted        |       |       |     1 |       |       ||     1
       Sleeping          |       |       |       |     4 |     1 ||     5
  Eat: Chunk             |     3 |     7 |     6 |    30 |    12 ||    58
       Royal jelly       |       |       |     3 |     1 |       ||     4
       Bread ration      |       |       |     1 |     3 |       ||     4
       Fruit             |       |       |       |     1 |       ||     1
Armor: Robe              |       |     1 |     4 |    21 |    16 ||    42
       Skin              |       |       |       |    50 |    23 ||    73
Dodge: Dodged            |     9 |    41 |    70 |   417 |   189 ||   726
